 Dungeon Crawl Stone Soup version 0.28-a0-1143-gcf6077d4cc (webtiles) character file.

Game seed: 10980335897347383257

21 spaghetti the Sneak (level 2, -6/24 HPs)
             Began as a Mummy Delver on Dec 14, 2021.
             Mangled by a bullfrog (7 damage)
             ... on level 7 of the Dungeon.
             The game lasted 00:00:58 (384 turns).

spaghetti the Sneak (Mummy Delver)                   Turns: 384, Time: 00:00:58

Health: -6/24      AC:  4    Str: 15    XL:     2   Next: 62%
Magic:  2/2        EV: 11    Int:  9    God:
Gold:   0          SH:  0    Dex: 13    Spells: 1/1 levels left

rFire   x . .      SeeInvis .   a - +0 falchion {long}
rCold   + . .      Faith    .   (no shield)
rNeg    + + +      Spirit   .   b - +0 leather armour
rPois   ∞          Reflect  .   h - +1 hat
rElec   .          Harm     .   (no cloak)
rCorr   .          Rampage  .   (no gloves)
Will    .....                   (no boots)
Stlth   ++........              (no amulet)
HPRegen 0.08/turn               (no ring)
MPRegen 0.08/turn               (no ring)

@: no status effects
A: cold resistance 1, negative energy resistance 3, torment resistance 2, heat
vulnerability 1, no potions
a: no special abilities


You were on level 7 of the Dungeon.
You visited 1 branch of the dungeon, and saw 3 of its levels.


Innate Abilities, Weirdness & Mutations

You are immune to poison.
Your flesh is cold resistant. (rC+)
You are immune to negative energy. (rN+++)
You are immune to unholy pain and torment.
You are vulnerable to heat. (rF-)
You do not drink.


   Skills:
 - Level 3.0 Fighting
 - Level 1.5 Long Blades
 + Level 0.6 Throwing
 - Level 1.5 Dodging
 + Level 4.6 Stealth


You had one spell level left.
You didn't know any spells.
Your spell library was empty.

Inventory:

Hand Weapons
 a - a +0 falchion (weapon) {long}
 i - a +1 vorpal hunting sling {sling}
   (You found it on level 5 of the Dungeon)
Missiles
 j - 4 poisoned darts (quivered) {throwing}
Armour
 b - a +0 leather armour (worn)
 h - a +1 hat (worn)
   (You found it on level 5 of the Dungeon)
Wands
 f - a wand of digging (3)
Scrolls
 c - a scroll of fog
 d - a scroll of magic mapping {!r}

Dungeon Overview and Level Annotations

Branches:
Dungeon (7/15)
 Temple: D:4-7

Altars:

#. #. ##.#
#######(.#
.......(.#
........#
#######h#
#F# #@#
#<#
..?......#
#######.)#
#..? ####.
#. .# #


You could see a black bear and a bullfrog (poisoned).


Message History

You feel forgetful for a moment. The gnoll barely misses you.
The gnoll hits you from afar with a +0 spear!
* * * LOW HITPOINT WARNING * * *
😨 HP[-8]
You take 8 damage, and now have 7/24 hp.
MASSIVE DAMAGE!! (PAUSE) Unknown command.
You can't drink.
As you read the scroll of fear, it crumbles to dust.
You assume a fearsome visage.
The gnoll looks frightened! x2
You close the door.
You feel a bit more experienced.
There is an open door here.
There is a stone staircase leading down here. 😨 HP[+1] As you close the door, it creaks loudly!
You start resting. 😎 HP[+16]
Your hp is fully restored (24).
You climb downwards.
There is a stone staircase leading up here.
Unknown command.
Unknown command.
The bullfrog gives a loud, deep croak!
You hear an angry growl.
The bullfrog hits you. x2 😮 HP[-7]
You take 7 damage, and now have 17/24 hp.
MASSIVE DAMAGE!! (PAUSE) Unknown command.
Unknown command.
You hit the bullfrog but do no damage. The bullfrog barely misses you.
The bullfrog closely misses you.
You hit the bullfrog.
The bullfrog hits you but does no damage.
The bullfrog hits you. 😮 HP[-4]
You take 4 damage, and now have 13/24 hp.
Unknown command.
Unknown command.
Unknown command.
Throw: 7 darts (poison) {throwing}
Press: ? - help, Q - select action Shift-Dir - straight line, f - bullfrog
Aim: a bullfrog (lightly wounded, 50% to hit)
You throw a poisoned dart {throwing}.
The poisoned dart {throwing} barely misses the bullfrog.
The bullfrog barely misses you.
Throw: 6 darts (poison) {throwing}
Press: ? - help, Q - select action Shift-Dir - straight line, f/p - bullfrog
Aim: a bullfrog (lightly wounded, 50% to hit)
You throw a poisoned dart {throwing}.
The poisoned dart {throwing} hits the bullfrog.
The bullfrog is poisoned.
The bullfrog hits you!
* * * LOW HITPOINT WARNING * * *
The bullfrog closely misses you. 😱 HP[-8]
You take 8 damage, and now have 5/24 hp.
MASSIVE DAMAGE!! (PAUSE) Unknown command.
Unknown command.
Unknown command.
Unknown command.
Unknown command.
Throw: 5 darts (poison) {throwing}
Press: ? - help, Q - select action Shift-Dir - straight line, f/p - bullfrog
Aim: a bullfrog (lightly wounded, poisoned, 50% to hit)
You throw a poisoned dart {throwing}.
The poisoned dart {throwing} completely misses the bullfrog.
The bullfrog hits you.
* * * LOW HITPOINT WARNING * * *
😱 HP[-1]
You take 1 damage, and now have 4/24 hp.
Unknown command.
Unknown command.
Unknown command.
Unknown command.
Okay, then.
Unknown command.
Okay, then.
You miss the bullfrog. The bullfrog closely misses you.
A black bear comes into view.
The bullfrog hits you.
* * * LOW HITPOINT WARNING * * *
The black bear growls angrily. 😱 HP[-3]
You take 3 damage, and now have 1/24 hp.
Unknown command.
Unknown command.
Unknown command.
Unknown command.
The bullfrog closely misses you.
Unknown command.
Unknown command.
Unknown command.
Unknown command.
Unknown command.
Okay, then.
Okay, then.
The bullfrog hits you!
You die...

Action                   || total
-------------------------++-------
Melee: Falchion          ||     9
Throw: Dart              ||     9
  Use: Scroll            ||     2
Armor: Leather armour    ||     1
Dodge: Dodged            ||     9

Levels and vault maps discovered:
D:5:      layout_rooms
D:6:      layout_gridville, minmay_temple_entry_gardened_gates
D:7:      layout_loops_ring, minmay_alternating_orb

Notes
Turn   | Place    | Note
-------+----------+-------------------------------------------
     0 | D:5      | spaghetti the Mummy Delver began the quest for the Orb.
     0 | D:5      | Reached XP level 1. HP: 18/18 MP: 1/1
     0 | D:5      | magus.rc [v1.9.6]
    19 | D:5      | Noticed an ogre
    74 | D:6      | Reached XP level 2. HP: 19/24 MP: 2/2
   371 | D:7      | Noticed a bullfrog
   379 | D:7      | HP: 5/24 [bullfrog (8)]
   381 | D:7      | Noticed a black bear
   381 | D:7      | HP: 1/24 [bullfrog (4)]
   384 | D:7      | Mangled by a bullfrog

Vanquished Creatures
  A gnoll (D:6)
  An adder (D:6)
  An orc (D:6)
3 creatures vanquished.

Vanquished Creatures (others)
  A plant (D:6)
1 creature vanquished.

Grand Total: 4 creatures vanquished

Table legend:
 A = Non-vault XP
 B = Vault XP
 C = Vault XP percentage of total XP
 D = Non-vault monster count
 E = Vault monster count
 F = Vault count percentage of total count
                 A         B        C        D         E       F
            +---------+---------+-------+---------+---------+-------
      Total |      30 |       0 |   0.0 |       3 |       0 |   0.0
            +---------+---------+-------+---------+---------+-------
        D:6 |      30 |       0 |   0.0 |       3 |       0 |   0.0
            +---------+---------+-------+---------+---------+-------

Illustrated notes

Table legend:
 A = Kills in this place as a percentage of kills in entire the game.
 B = Kills by you in this place as a percentage of kills by you in the entire game.
 C = Kills by friends in this place as a percentage of kills by friends in the entire game.
 D = Other kills in this place as a percentage of other kills in the entire game.
 E = Experience gained in this place as a percentage of experience gained in the entire game.
 F = Experience gained in this place divided by the number of levels of this place that you have seen.
                   A       B       C       D       E      F
               +-------+-------+-------+-------+-------+----------------------
         Total | 100.0 | 100.0 |   N/A |   N/A | 100.0 |  10.0
       Dungeon | 100.0 | 100.0 |   N/A |   N/A | 100.0 |  10.0
               +-------+-------+-------+-------+-------+----------------------

Table legend: (Time is in decaauts)
 A = Elapsed time spent in this place.
 B = Non-inter-level travel time spent in this place.
 C = Inter-level travel time spent in this place.
 D = Time resting spent in this place.
 E = Time spent auto-exploring this place.
 F = Levels seen in this place.
 G = Mean time per level.
                   A        B        C        D        E       F      G
               +--------+--------+--------+--------+--------+-----+--------+
         Total |    385 |    385 |      0 |    201 |    112 |   3 |  128.3 |
       Dungeon |    385 |    385 |      0 |    201 |    112 |   3 |  128.3 |
               +--------+--------+--------+--------+--------+-----+--------+

Top non-repeatable levels by time:
     D:6: 345 daAuts
     D:5: 27 daAuts
     D:7: 13 daAuts
